 Dungeon Crawl Stone Soup version 0.31-a0-1074-g0b22e4e0f1 (webtiles) character file.

Game seed: 6498363989253894172

4 awesomeguy42 the Grave Robber (level 1, 0/13 HPs)
             Began as a Human Necromancer on Nov 28, 2023.
             Shot with a sling bullet by a hobgoblin (7 damage)
             ... on level 1 of the Dungeon.
             The game lasted 00:00:08 (65 turns).

awesomeguy42 the Grave Robber (Human Necromancer)     Turns: 65, Time: 00:00:09

Health: 0/13       AC:  2    Str:  8    XL:     1   Next: 66%
Magic:  0/3        EV: 12    Int: 15    God:
Gold:   20         SH:  0    Dex: 13    Spells: 3/4 levels left

rFire   . . .        (no weapon)
rCold   . . .        (no shield)
rNeg    . . .        a - +0 robe
rPois   .            (no helmet)
rElec   .            (no cloak)
rCorr   .            (no gloves)
SInv    .            (no boots)
Will    .....        (no amulet)
Stlth   ++           (no ring)
HPRegen 0.22/turn    (no ring)
MPRegen 0.08/turn

%: no passive effects
@: no status effects
A: no striking features
a: no special abilities


You were on level 1 of the Dungeon.
You visited 1 branch of the dungeon, and saw 1 of its levels.

You collected 20 gold pieces.

Inventory:

Armour
 a - a +0 robe (worn)
Scrolls
 c - a scroll of teleportation {unknown}
Potions
 b - a potion of magic


   Skills:
 + Level 0.2 Fighting
 + Level 2.0 Dodging
 + Level 2.0 Stealth
 * Level 2.1 Spellcasting
 * Level 4.0 Necromancy


You had 3 spell levels left.
You knew the following spells:

 Your Spells              Type           Power      Damage    Failure   Level
a - Necrotise             Necr           52%        1d6       4%          1

Your spell library contained the following spells:

 Spells                   Type           Power      Damage    Failure   Level
 Vampiric Draining        Necr           13%        2d6       12%         3
 Animate Dead             Necr           13%        N/A       38%         4
 Agony                    Necr           13%        N/A       75%         5


Dungeon Overview and Level Annotations

Branches:
Dungeon (1/15)

Altars:


Message History

You can't see any susceptible monsters within range! (Use Z to cast anyway.)
A goblin comes into view. It is wielding a +0 club.
The goblin writhes in agony.
You kill the goblin!
The goblin shouts!
The endoplasm quivers.
The dead are walking!
The endoplasm writhes in agony.
The endoplasm writhes in agony.
You kill the endoplasm!
You are out of magic!
You are out of magic!
You are out of magic!
Your goblin skeleton closely misses the goblin.
You hit the goblin.
The goblin is moderately wounded.
Your goblin skeleton hits the goblin.
The goblin hits you but does no damage.
You hit the goblin.
The goblin is severely wounded.
A hobgoblin comes into view. It is wielding a +0 sling.
Your goblin skeleton barely misses the goblin.
The goblin barely misses you.
You hit the goblin but do no damage.
The goblin is severely wounded.
The goblin barely misses you.
You hit the goblin but do no damage.
The goblin is severely wounded.
Your goblin skeleton hits the goblin.
The goblin dies!
The hobgoblin shoots a sling bullet.
The sling bullet hits your goblin skeleton!
Your goblin skeleton is destroyed!
The hobgoblin shoots a sling bullet.
The sling bullet completely misses you.
You see here a +0 club.
Found a hand axe.
The hobgoblin shoots a sling bullet.
The sling bullet hits you.
The hobgoblin shoots a sling bullet.
The sling bullet barely misses you.
The hobgoblin shoots a sling bullet.
The sling bullet hits you!
Ouch! That really hurt!
You die...

.).#.#.#.# ######........
.......#.###..##..##.....
..............##..##.....
............##..##..##...
............##..##..##.##
.........)....##.<##..##
......>)......##..##....#
............##..##..###.#
....g...@...##..##..# .#
..............##..##.. (
.....###..##..##.. .. #
..##. ...###.#.. ## . #
...# .#. ..... . .#....
.......


You could see a hobgoblin.

Vanquished Creatures
  An endoplasm (D:1)
  A goblin (D:1)
2 creatures vanquished.

Vanquished Creatures (collateral kills)
  A goblin (D:1)
1 creature vanquished.

Grand Total: 3 creatures vanquished

Notes
Turn   | Place    | Note
-------+----------+-------------------------------------------
     0 | D:1      | awesomeguy42 the Human Necromancer began the quest for the
                  | Orb.
     0 | D:1      | Reached XP level 1. HP: 13/13 MP: 3/3
    65 | D:1      | Shot with a sling bullet by a hobgoblin

Illustrated notes

Levels and vault maps discovered:
D:1:      lightli_iron_boxes, layout_rooms,
          chequers_ecumenical_altar_simple_redux, minmay_misc_feat_more_columns

Action                     || total
---------------------------++-------
  Melee: Unarmed           ||     4
   Cast: Necrotise         ||     3
 Armour: Robe              ||     3
  Dodge: Dodged            ||     4

Table legend: (Time is in decaauts)
 A = Elapsed time spent in this place.
 B = Non-inter-level travel time spent in this place.
 C = Inter-level travel time spent in this place.
 D = Time resting spent in this place.
 E = Time spent auto-exploring this place.
 F = Levels seen in this place.
 G = Mean time per level.
                   A        B        C        D        E       F      G
               +--------+--------+--------+--------+--------+-----+--------+
         Total |     65 |     65 |      0 |      0 |     49 |   1 |   65.0 |
       Dungeon |     65 |     65 |      0 |      0 |     49 |   1 |   65.0 |
               +--------+--------+--------+--------+--------+-----+--------+

Top non-repeatable levels by time:
     D:1: 65 daAuts
